General information
- name: BNet
- type: Ladder team game (AT/RT)
- host: Battle.net
- saver: hotdogPIZZA1
map: TidewaterGlades
- players: 4
- length: 48:07
- speed: Fast
- version: 1.26 W3XP
- replay type:

» download(273 KB)
Players
team 1 (winner)
hotdogPIZZA1 (
yellow | 132 APM | 6369 actions | 48:07)
6 Blademaster
2 Wind Walk
3 Critical Strike
1 Bladestorm
5 Tauren Chieftain
3 Shockwave
2 Endurance Aura
» actions
| Assign group hotkey | 13 | |
| Basic commands | 30 | |
| Build / train | 109 | |
| Enter build submenu | 75 | |
| Enter hero's abilities submenu | 11 | |
| Give item / drop item | 26 | |
| Right click | 4564 | |
| Select / deselect | 780 | |
| Select group hotkey | 404 | |
| Use ability | 351 | |
6369 total
» units
» upgrades
| Liquid Fire | 1 | |
| Reinforced Defenses | 1 | |
| Ranged Weapons | 3 | |
| Armor | 3 | |
| Spiked Barricades | 1 | |
9 total
» buildings
| Altar of Storms | 1 | |
| Orc Burrow | 4 | |
| War Mill | 1 | |
| Voodoo Lounge | 8 | |
| Watch Tower | 61 | |
| Stronghold | 1 | |
| Fortress | 1 | |
| Beastiary | 4 | |
| Great Hall | 1 | |
82 total
» build order
00:09 Altar of Storms
00:20 Orc Burrow
00:39 War Mill
01:05 Voodoo Lounge
02:31 Watch Tower
02:32 Watch Tower
02:34 Watch Tower
03:10 Watch Tower
03:13 Watch Tower
04:18 Stronghold
04:22 Watch Tower
04:24 Watch Tower
04:56 Orc Burrow
05:00 Orc Burrow
06:03 Watch Tower
06:05 Watch Tower
07:12 Watch Tower
07:13 Watch Tower
07:15 Fortress
07:17 Beastiary
10:23 Beastiary
10:42 Watch Tower
10:42 Watch Tower
11:09 Orc Burrow
12:54 Voodoo Lounge
14:14 Watch Tower
14:14 Watch Tower
14:15 Watch Tower
15:43 Watch Tower
16:03 Great Hall
16:11 Watch Tower
16:54 Voodoo Lounge
17:40 Watch Tower
17:44 Watch Tower
17:59 Watch Tower
18:01 Watch Tower
18:05 Watch Tower
18:06 Watch Tower
18:46 Watch Tower
20:52 Watch Tower
20:52 Watch Tower
20:57 Watch Tower
20:59 Watch Tower
21:00 Watch Tower
21:50 Voodoo Lounge
23:26 Watch Tower
23:26 Watch Tower
23:27 Watch Tower
23:28 Watch Tower
25:11 Watch Tower
27:23 Watch Tower
28:07 Watch Tower
28:58 Watch Tower
28:59 Watch Tower
29:06 Watch Tower
29:06 Watch Tower
29:55 Watch Tower
31:22 Voodoo Lounge
31:23 Voodoo Lounge
31:26 Voodoo Lounge
31:32 Voodoo Lounge
34:38 Watch Tower
34:38 Watch Tower
34:39 Watch Tower
34:39 Watch Tower
34:40 Watch Tower
34:41 Watch Tower
37:05 Beastiary
37:07 Beastiary
37:11 Watch Tower
37:14 Watch Tower
37:14 Watch Tower
37:15 Watch Tower
37:16 Watch Tower
37:17 Watch Tower
37:18 Watch Tower
37:19 Watch Tower
37:19 Watch Tower
38:46 Watch Tower
38:47 Watch Tower
38:48 Watch Tower
38:50 Watch Tower
» items
| Healing Salve | 10 | |
| Lesser Clarity Potion | 16 | |
| Staff of Teleportation | 2 | |
| Orb of Lightning | 2 | |
| Boots of Speed | 2 | |
| Potion of Healing | 4 | |
| Staff of Sanctuary | 1 | |
| Potion of Mana | 1 | |
38 total
timg4strok (
blue | 114 APM | 5477 actions | 48:06)
7 Archmage
3 Blizzard
3 Brilliance Aura
1 Mass Teleport
6 Mountain King
3 Storm Bolt
2 Bash
1 Avatar
6 Paladin
3 Holy Light
3 Divine Shield
» actions
| Assign group hotkey | 5 | |
| Basic commands | 109 | |
| Build / train | 124 | |
| ESC pressed | 2 | |
| Enter build submenu | 62 | |
| Enter hero's abilities submenu | 19 | |
| Give item / drop item | 3 | |
| Right click | 2637 | |
| Select / deselect | 377 | |
| Select group hotkey | 1754 | |
| Use ability | 379 | |
5477 total
» units
» upgrades
| Masonry | 3 | |
| Lumber Harvesting | 1 | |
| Magic Sentry | 1 | |
| Control Magic | 1 | |
| Sorceress Training | 2 | |
| Priest Training | 2 | |
10 total
» buildings
| Altar of Kings | 1 | |
| Lumber Mill | 1 | |
| Farm | 5 | |
| Scout Tower | 63 | |
| Arcane Tower | 5 | |
| Guard Tower | 34 | |
| Barracks | 1 | |
| Keep | 1 | |
| Town Hall | 1 | |
| Arcane Vault | 2 | |
| Castle | 1 | |
| Arcane Sanctum | 1 | |
116 total
» build order
00:05 Altar of Kings
00:12 Lumber Mill
00:15 Farm
00:53 Scout Tower
01:27 Arcane Tower
01:30 Scout Tower
01:57 Guard Tower
01:58 Guard Tower
01:59 Scout Tower
02:03 Farm
02:25 Scout Tower
02:28 Guard Tower
02:50 Scout Tower
02:51 Barracks
02:53 Scout Tower
02:53 Scout Tower
02:54 Guard Tower
02:55 Scout Tower
03:27 Guard Tower
03:29 Scout Tower
04:08 Guard Tower
04:11 Scout Tower
04:12 Scout Tower
04:12 Scout Tower
04:13 Scout Tower
04:55 Guard Tower
05:06 Scout Tower
05:07 Scout Tower
05:08 Arcane Tower
05:08 Guard Tower
05:30 Keep
05:41 Arcane Tower
05:42 Guard Tower
06:43 Town Hall
06:51 Scout Tower
06:51 Scout Tower
06:53 Scout Tower
06:59 Scout Tower
07:00 Scout Tower
07:08 Arcane Vault
07:20 Arcane Tower
07:21 Guard Tower
07:22 Guard Tower
07:25 Guard Tower
07:25 Guard Tower
07:26 Guard Tower
09:46 Scout Tower
09:47 Scout Tower
09:48 Scout Tower
09:49 Scout Tower
09:49 Scout Tower
09:50 Scout Tower
09:52 Castle
10:02 Arcane Sanctum
10:18 Guard Tower
10:41 Scout Tower
10:42 Scout Tower
10:43 Arcane Tower
10:45 Guard Tower
11:12 Guard Tower
11:13 Guard Tower
11:15 Scout Tower
11:16 Scout Tower
11:17 Scout Tower
11:17 Scout Tower
11:36 Guard Tower
11:47 Scout Tower
11:48 Scout Tower
11:49 Guard Tower
11:51 Scout Tower
11:53 Scout Tower
12:06 Farm
12:06 Farm
12:11 Guard Tower
12:21 Guard Tower
12:53 Scout Tower
12:54 Scout Tower
12:54 Scout Tower
12:55 Scout Tower
12:56 Scout Tower
12:57 Scout Tower
12:57 Scout Tower
12:58 Scout Tower
13:36 Guard Tower
13:40 Scout Tower
13:42 Guard Tower
13:47 Arcane Vault
14:13 Guard Tower
14:14 Guard Tower
14:29 Farm
15:56 Scout Tower
15:57 Scout Tower
15:58 Scout Tower
17:26 Guard Tower
17:27 Scout Tower
17:28 Scout Tower
17:28 Scout Tower
19:01 Guard Tower
19:03 Scout Tower
19:03 Scout Tower
20:31 Scout Tower
20:32 Scout Tower
20:32 Scout Tower
20:35 Scout Tower
20:36 Scout Tower
20:37 Scout Tower
20:38 Scout Tower
20:38 Scout Tower
20:38 Scout Tower
20:48 Guard Tower
20:54 Scout Tower
21:33 Guard Tower
22:43 Guard Tower
22:55 Guard Tower
» items
| Staff of Teleportation | 3 | |
| Boots of Speed | 3 | |
| Scroll of Town Portal | 2 | |
| Scroll of Regeneration | 1 | |
| Orb of Lightning | 3 | |
| Staff of Sanctuary | 3 | |
| Potion of Healing | 1 | |
| Healing Salve | 1 | |
| Lesser Clarity Potion | 1 | |
18 total
team 2 (loser)
Andross420 (
pink | 36 APM | 1728 actions | 48:05)
4 Warden
2 Shadow Strike
2 Blink
» actions
| Assign group hotkey | 11 | |
| Basic commands | 8 | |
| Build / train | 89 | |
| Enter build submenu | 36 | |
| Enter hero's abilities submenu | 5 | |
| Give item / drop item | 6 | |
| Remove unit from queue | 2 | |
| Right click | 877 | |
| Select / deselect | 450 | |
| Select group hotkey | 97 | |
| Use ability | 147 | |
1728 total
» units
| Wisp | 33 | |
| Dryad | 7 | |
| Druid of the Claw | 3 | |
| Mountain Giant | 1 | |
| Glaive Thrower | 3 | |
| Archer | 2 | |
| Chimaera | 6 | |
| Hippogryph | 8 | |
63 total
» upgrades
| Strength of the Wild | 1 | |
| Reinforced Hides | 1 | |
| Ultravision | 1 | |
| Abolish Magic | 1 | |
| Druid of the Claw Training | 2 | |
| Well Spring | 1 | |
| Mark of the Claw | 1 | |
| Nature's Blessing | 1 | |
| Vorpal Blades | 1 | |
| Corrosive Breath | 1 | |
11 total
» buildings
| Altar of Elders | 1 | |
| Moon Well | 7 | |
| Hunter's Hall | 2 | |
| Ancient Protector | 12 | |
| Ancient of Wonders | 1 | |
| Tree of Ages | 1 | |
| Tree of Eternity | 1 | |
| Ancient of Lore | 2 | |
| Ancient of War | 2 | |
| Tree of Life | 2 | |
| Ancient of Wind | 1 | |
| Chimaera Roost | 2 | |
34 total
» build order
00:08 Altar of Elders
00:10 Moon Well
01:35 Hunter's Hall
01:38 Hunter's Hall
02:33 Moon Well
02:43 Ancient Protector
02:47 Ancient Protector
02:53 Moon Well
03:35 Ancient of Wonders
03:45 Tree of Ages
06:20 Tree of Eternity
06:23 Ancient of Lore
06:27 Ancient of Lore
07:20 Moon Well
11:49 Moon Well
12:58 Ancient of War
13:03 Ancient of War
14:22 Ancient Protector
14:27 Ancient Protector
14:35 Ancient Protector
21:26 Tree of Life
21:45 Tree of Life
21:58 Ancient Protector
22:03 Ancient Protector
22:06 Moon Well
22:12 Moon Well
22:15 Ancient Protector
23:45 Ancient Protector
27:30 Ancient Protector
27:40 Ancient Protector
27:45 Ancient Protector
28:56 Ancient of Wind
30:06 Chimaera Roost
30:11 Chimaera Roost
» items
| Boots of Speed | 1 | |
| Dust of Appearance | 2 | |
| Circlet of Nobility | 1 | |
| Orb of Fire | 1 | |
| Lesser Clarity Potion | 1 | |
6 total
ChIeF-BiG-BaLLz (
green | 77 APM | 3575 actions | 46:24)
5 Mountain King
3 Storm Bolt
2 Bash
» actions
| Build / train | 133 | |
| ESC pressed | 8 | |
| Enter build submenu | 44 | |
| Enter hero's abilities submenu | 5 | |
| Give item / drop item | 2 | |
| Remove unit from queue | 1 | |
| Right click | 2490 | |
| Select / deselect | 737 | |
| Use ability | 154 | |
3575 total
» units
| Peasant | 14 | |
| Footman | 12 | |
| Dragonhawk Rider | 7 | |
| Gryphon Rider | 2 | |
| Knight | 11 | |
| Mortar Team | 5 | |
| Flying Machine | 4 | |
| Siege Engine | 9 | |
64 total
» upgrades
| Plating | 2 | |
| Swords | 2 | |
| Armor | 2 | |
| Cloud | 1 | |
| Storm Hammers | 1 | |
| Animal War Training | 1 | |
| Barrage | 1 | |
| Flare | 1 | |
| Masonry | 3 | |
| Gunpowder | 1 | |
15 total
» buildings
| Barracks | 1 | |
| Altar of Kings | 1 | |
| Farm | 12 | |
| Scout Tower | 16 | |
| Arcane Tower | 8 | |
| Blacksmith | 1 | |
| Arcane Vault | 2 | |
| Keep | 2 | |
| Lumber Mill | 1 | |
| Castle | 2 | |
| Gryphon Aviary | 2 | |
| Workshop | 1 | |
| Town Hall | 1 | |
| Guard Tower | 16 | |
66 total
» build order
00:15 Barracks
00:22 Altar of Kings
00:25 Farm
01:04 Farm
01:34 Scout Tower
01:43 Farm
02:06 Arcane Tower
02:06 Arcane Tower
02:34 Blacksmith
03:20 Farm
03:55 Arcane Vault
04:36 Farm
05:00 Keep
05:00 Keep
05:30 Lumber Mill
07:27 Castle
07:27 Castle
07:31 Gryphon Aviary
07:36 Gryphon Aviary
08:45 Farm
10:58 Farm
12:48 Workshop
14:06 Farm
14:32 Farm
23:00 Town Hall
23:07 Scout Tower
23:18 Scout Tower
23:21 Scout Tower
23:25 Scout Tower
23:32 Scout Tower
23:43 Scout Tower
23:54 Arcane Tower
23:57 Guard Tower
23:57 Guard Tower
24:07 Guard Tower
24:07 Guard Tower
24:12 Scout Tower
24:21 Guard Tower
24:21 Guard Tower
25:03 Arcane Tower
25:03 Arcane Tower
25:06 Scout Tower
25:24 Arcane Vault
25:42 Guard Tower
25:45 Scout Tower
26:20 Guard Tower
26:20 Guard Tower
26:23 Scout Tower
26:40 Scout Tower
27:45 Guard Tower
27:49 Scout Tower
27:59 Scout Tower
28:30 Guard Tower
28:30 Guard Tower
28:34 Scout Tower
29:05 Guard Tower
29:08 Arcane Tower
29:08 Arcane Tower
34:54 Farm
37:12 Farm
38:56 Farm
39:34 Scout Tower
» items
| Boots of Speed | 1 | |
| Scroll of Regeneration | 5 | |
| Lesser Clarity Potion | 3 | |
| Potion of Healing | 4 | |
| Scroll of Town Portal | 1 | |
| Staff of Sanctuary | 1 | |
15 total
Chat log
(05:15 / All) Andross420: ha techin towersing fags we got your number
(05:22 / All) hotdogPIZZA1: ok
(05:30 / All) hotdogPIZZA1: my fone number?
(05:34 / All) hotdogPIZZA1: its 647-869-9830
(05:36 / All) timg4strok: call me.....911...
(06:32 / All) Andross420: i hope you mass ait
(06:35 / All) Andross420: air*
(06:38 / All) hotdogPIZZA1: that's rude
(06:42 / All) hotdogPIZZA1: wait
(06:43 / All) Andross420: or c pults
(06:45 / All) hotdogPIZZA1: wait
(06:48 / All) hotdogPIZZA1: 1 sec
(06:54 / All) hotdogPIZZA1: your footman
(06:54 / All) hotdogPIZZA1: he die
(07:02 / All) hotdogPIZZA1: lol
(09:26 / All) hotdogPIZZA1: bye
(12:40 / All) hotdogPIZZA1: lol
(23:31 / All) hotdogPIZZA1: you never answered
(23:36 / All) hotdogPIZZA1: how did you find my phone number
(26:40 / All) hotdogPIZZA1: gg
(26:41 / All) hotdogPIZZA1: byhe
(26:43 / All) hotdogPIZZA1: leave
(26:44 / All) hotdogPIZZA1: you lose
(26:46 / All) hotdogPIZZA1: tyou lost
(28:22 / All) hotdogPIZZA1: you're fucking terrible
(32:13 / All) hotdogPIZZA1: tp
(32:14 / All) hotdogPIZZA1: tp
(32:14 / All) hotdogPIZZA1: tp
(32:14 / All) hotdogPIZZA1: tp
(32:15 / All) hotdogPIZZA1: tp
(32:15 / All) hotdogPIZZA1: tp
(32:16 / All) hotdogPIZZA1: Ptp
(32:23 / All) hotdogPIZZA1: lol
(32:39 / All) hotdogPIZZA1: good dust!
(32:48 / All) hotdogPIZZA1: shitnoob bitnoob
(32:51 / All) hotdogPIZZA1: think you better quitnoob
(33:05 / All) ChIeF-BiG-BaLLz: you dont stfu huh
(33:11 / All) hotdogPIZZA1: "we got ur number"
(33:13 / All) timg4strok: chief big ballz
(33:14 / All) hotdogPIZZA1: - you, 20 minutes ago
(33:19 / All) timg4strok: more like chief shitty at warcrraft....3...
(33:24 / All) hotdogPIZZA1: you even mentioned that you knew exactly what we're doing
(33:28 / All) hotdogPIZZA1: and you can't kill a tower?
(33:33 / All) hotdogPIZZA1: you're fucking retards
(34:12 / All) hotdogPIZZA1: we're killing you with heroes
(34:13 / All) hotdogPIZZA1: only
(36:27 / All) Andross420: better run pussys
(36:33 / All) hotdogPIZZA1: lol!
(36:52 / All) Andross420: its ok just you wait
(36:54 / All) hotdogPIZZA1: when are you going to quit
(36:56 / All) hotdogPIZZA1: whoa
(36:56 / All) timg4strok: for what
(36:56 / All) hotdogPIZZA1: whoa
(36:57 / All) hotdogPIZZA1: whoa
(37:01 / All) hotdogPIZZA1: do you think you're going to win this??
(37:15 / All) Andross420: and you think you are just wait and see
(37:21 / All) hotdogPIZZA1: sorry
(37:21 / All) hotdogPIZZA1: we win
(37:27 / All) hotdogPIZZA1: i mean maybe you could tiehack or something
(38:12 / All) hotdogPIZZA1: why no tp??
(38:22 / All) hotdogPIZZA1: too fat???
(38:58 / All) hotdogPIZZA1: next time double click tp
(39:01 / All) hotdogPIZZA1: save your hero! try it!
(40:30 / All) timg4strok: ZzZzZzZzZzZzzzZ
(41:20 / All) hotdogPIZZA1: no tp??????
(41:22 / All) hotdogPIZZA1: why not?????
(41:30 / All) hotdogPIZZA1: too stupid i guess, lol
(42:44 / All) hotdogPIZZA1: http://highper.ch/ for other tower replays
(42:48 / All) hotdogPIZZA1: gg thanks for playing
(43:09 / All) timg4strok: aaa u win
(43:10 / All) timg4strok: i give up
(44:40 / All) hotdogPIZZA1: there you go!
(45:17 / All) hotdogPIZZA1: so bad
(45:18 / All) hotdogPIZZA1: so stinky
(45:36 / All) hotdogPIZZA1: clan towa #1
(45:46 / All) timg4strok: just you wait...
(46:06 / All) hotdogPIZZA1: no gold in that mine
(46:08 / All) hotdogPIZZA1: jsut fyi
(46:23 / All) hotdogPIZZA1: warden
(46:25 / All) hotdogPIZZA1: Towers don't move
(46:26 / All) hotdogPIZZA1: just fyi
(46:28 / All) hotdogPIZZA1: thanks!
(46:52 / All) Andross420: your now good fags so stop thinking your all that bitchs
(46:56 / All) hotdogPIZZA1: wow
(46:57 / All) hotdogPIZZA1: wow
(46:57 / All) hotdogPIZZA1: wow
(46:58 / All) timg4strok: wat
(46:59 / All) hotdogPIZZA1: "no"
(46:59 / All) timg4strok: wat
(47:00 / All) timg4strok: wat
(47:01 / All) hotdogPIZZA1: "you're"
(47:03 / All) hotdogPIZZA1: "you're"
(47:05 / All) hotdogPIZZA1: "bitches"
(47:12 / All) hotdogPIZZA1: are you illiterate?
(47:13 / All) timg4strok: you think you good?
(47:22 / All) hotdogPIZZA1: we just beat you with heroes
(47:23 / All) Andross420: your not trust me
(47:27 / All) hotdogPIZZA1: you had the same amount of gold
(47:28 / All) hotdogPIZZA1: and armies
(47:29 / All) hotdogPIZZA1: and lost
(47:31 / All) hotdogPIZZA1: what does that say
(47:33 / All) timg4strok: ok....if you say so.......
(47:38 / All) hotdogPIZZA1: you're dogshit
(47:40 / All) Andross420: ok let me tower all game
(47:41 / All) timg4strok: andross420 says "trust me"
(47:43 / All) hotdogPIZZA1: ok
(47:44 / All) timg4strok: ok
(47:46 / All) hotdogPIZZA1: try it
(47:58 / All) hotdogPIZZA1: why didn't you win
(47:59 / All) Andross420: with heros and wait for you to attack us you sucks botchs
(48:03 / All) hotdogPIZZA1: LOL
(48:05 / All) timg4strok: ok